 Dungeon Crawl Stone Soup version 0.31-a0-851-g7ff8af7976 (webtiles) character file.

Game seed: 3049195866542965694

25 MachoJfn the Chiller (level 2, -6/15 HPs)
             Began as a Vampire Ice Elementalist on Oct 6, 2023.
             Mangled by a gnoll
             ... wielding a +2 spear of freezing
              (9 damage)
             ... on level 2 of the Dungeon.
             The game lasted 00:05:25 (1274 turns).

MachoJfn the Chiller (Vampire Ice Elementalist)     Turns: 1274, Time: 00:05:26

Health: -6/15      AC:  4    Str:  7    XL:     2   Next: 82%
Magic:  1/5        EV: 12    Int: 17    God:
Gold:   77         SH:  0    Dex: 14    Spells: 4/5 levels left

rFire   + . .        a - +3 dagger
rCold   . . .        (no shield)
rNeg    . . .        c - +1 robe {rF+}
rPois   .            g - +0 helmet
rElec   .            (no cloak)
rCorr   .            (no gloves)
SInv    +            (no boots)
Will    +....        (no amulet)
Stlth   ++           f - ring of wizardry
HPRegen 0.42/turn    (no ring)
MPRegen 0.09/turn

%: wizardry (x1)
@: enlightened, flying, healing quickly
A: alive, fangs 3, see invisible, vampiric 1, [frail 2]
a: Exsanguinate


You were on level 2 of the Dungeon.
You visited 1 branch of the dungeon, and saw 2 of its levels.

You collected 77 gold pieces.

Inventory:

Hand Weapons
 a - a +3 dagger (weapon)
Missiles
 d - 3 poisoned darts
 j - 21 stones
Armour
 c - a +1 robe of fire resistance (worn)
 g - a +0 helmet (worn)
Jewellery
 f - a ring of wizardry (left hand)
Potions
 b - a potion of magic


   Skills:
 + Level 2.3 Dodging
 + Level 3.0 Stealth
 + Level 2.4 Spellcasting
 + Level 4.5 Ice Magic


You had 4 spell levels left.
You knew the following spells:

 Your Spells              Type           Power      Damage    Failure   Level
a - Freeze                Ice            68%        1d8       1%          1

Your spell library contained the following spells:

 Spells                   Type           Power      Damage    Failure   Level
 Frozen Ramparts          Ice            34%        1d6       3%          3
 Ozocubu's Armour         Ice            17%        N/A       3%          3
 Slow                     Hex            8%         N/A       8%          1
 Confusing Touch          Hex            2%         N/A       22%         3
 Sigil of Binding         Hex            2%         N/A       22%         3
 Vampiric Draining        Necr           2%         2d6       22%         3
 Summon Ice Beast         Ice/Summ       9%         N/A       28%         4


Dungeon Overview and Level Annotations

Branches:
Dungeon (2/15)

Altars:
Sif Muna


Innate Abilities, Weirdness & Mutations

Your natural rate of healing is accelerated.
You have razor-sharp teeth.
You have supernaturally acute eyesight. (SInv)
You are afflicted with vampirism.
[You are very frail. (-20% HP)]


Message History

You don't have enough magic to cast this spell.
You hit the kobold.
You kill the kobold!
You hit the kobold.
You kill the kobold!
Items here: ))) †††.
A gnoll comes into view. It is wielding a +0 spear.
The gnoll shouts!
You puncture the worm!
The worm is heavily wounded.
You hear a shout!
The gnoll hits you from afar with a +2 spear of freezing.
The gnoll freezes you.
A ball python comes into view.
You hit the worm.
The worm is heavily wounded.
The worm bites you.
* * * LOW HITPOINT WARNING * * *
The gnoll misses you. The worm bites you but does no damage.
Items here: ))) †††.
It was a potion of enlightenment.
You feel very buoyant.
You fly up into the air.
The gnoll hits you from afar with a +2 spear of freezing.
* * * LOW HITPOINT WARNING * * *
The gnoll freezes you.
* * * LOW HITPOINT WARNING * * *
A kobold comes into view. It is wielding a +0 whip.
There are monsters nearby!
As you read the scroll labelled VYNU UMUACEE, it crumbles to dust.
It is a scroll of amnesia.
Okay, then.
The gnoll barely misses you.
As you read the scroll labelled ROXAXYXOUPH, it crumbles to dust.
It is a scroll of identify.
You don't currently have any unidentified items.
The gnoll hits you from afar with a +2 spear of freezing!
Ouch! That really hurt!
You die...

....................>#
.#.........#########.#
.#.........# #.#
.#.........# #.#
.+.........# #.#
.#........## #.#
.#........# ##.#
########### ####..#
#@...## ##w#### #gg#
#.Sg.# ...K.#.# ##?#)#
.# ..### .. .## .## .#


You could see a worm, 3 gnolls, a ball python and a kobold.

Vanquished Creatures
  A dart slug (D:1)
  4 ball pythons (D:1)
  A giant cockroach (D:2)
  3 goblins (D:1)
  2 hobgoblins (D:1)
  A quokka (D:1)
  3 bats
  2 frilled lizards (D:1)
  5 kobolds
22 creatures vanquished.

Notes
Turn   | Place    | Note
-------+----------+-------------------------------------------
     0 | D:1      | MachoJfn the Vampire Ice Elementalist began the quest for
                  | the Orb.
     0 | D:1      | Reached XP level 1. HP: 13/13 MP: 3/3
   494 | D:1      | Reached XP level 2. HP: 15/15 MP: 0/5
  1159 | D:2      | Found a shimmering blue altar of Sif Muna.
  1274 | D:2      | Mangled by a gnoll

Illustrated notes

Levels and vault maps discovered:
D:1:      dpeg_arrival_erosion, layout_rooms
D:2:      layout_basic, basic_altar, minmay_tall_x

Action                     || total
---------------------------++-------
  Melee: Unarmed           ||     7
         Bite              ||     2
         Dagger            ||    11
   Cast: Freeze            ||    30
Ability: Exsanguinate      ||     2
         Revivify          ||     2
    Use: Scroll            ||     4
         Potion            ||     2
 Armour: Robe              ||    29
  Dodge: Dodged            ||    22

Table legend: (Time is in decaauts)
 A = Elapsed time spent in this place.
 B = Non-inter-level travel time spent in this place.
 C = Inter-level travel time spent in this place.
 D = Time resting spent in this place.
 E = Time spent auto-exploring this place.
 F = Levels seen in this place.
 G = Mean time per level.
                   A        B        C        D        E       F      G
               +--------+--------+--------+--------+--------+-----+--------+
         Total |   1280 |   1168 |    112 |    310 |    620 |   2 |  640.0 |
       Dungeon |   1280 |   1168 |    112 |    310 |    620 |   2 |  640.0 |
               +--------+--------+--------+--------+--------+-----+--------+

Top non-repeatable levels by time:
     D:1: 1048 daAuts
     D:2: 232 daAuts
